 Dungeon Crawl Stone Soup version 0.26-a0-812-g31a745ddcd (webtiles) character file.

Game seed: 3666438149796470167

328 tilp the Ruffian (level 6, -6/62 HPs)
             Began as an Ogre Transmuter on Dec 10, 2020.
             Was an Initiate of Makhleb.
             Mangled by an ogre
             ... wielding a +0 giant club
              (26 damage)
             ... on level 4 of the Dungeon.
             The game lasted 00:09:22 (6309 turns).

tilp the Ruffian (Ogre Transmuter)                  Turns: 6309, Time: 00:09:23

Health: -6/62      AC:  3    Str: 15    XL:     6   Next: 50%
Magic:  8/9        EV: 10    Int: 16    God:    Makhleb [......]
Gold:   258        SH:  0    Dex:  9    Spells: 3/9 levels left

rFire    . . .     SeeInvis .     - Unarmed
rCold    . . .     Faith    .   (no shield)
rNeg     . . .     Spirit   .   a - +0 robe
rPois    .         Reflect  .   (helmet currently unavailable)
rElec    .         Harm     .   (no cloak)
rCorr    .         Rampage  .   (gloves unavailable)
MR       .....                  (boots unavailable)
Stlth    ++........             (no amulet)
HPRegen  0.20/turn              (no ring)
MPRegen  0.11/turn              (no ring)

@: appendages
A: large, unfitting armour, horns 2, talons 2, tough skin 1
a: End Transformation, Renounce Religion


You were on level 4 of the Dungeon.
You worshipped Makhleb.
Makhleb was noncommittal.
You had grown temporary horns.
You had grown temporary talons.
You visited 2 branches of the dungeon, and saw 5 of its levels.

You collected 258 gold pieces.

Inventory:

Missiles
 f - an atropa-tipped dart (quivered)
 i - 129 stones
 k - 8 poisoned darts
Armour
 a - a +0 robe (worn)
Wands
 j - a wand of polymorph (15)
Scrolls
 b - a scroll of blinking
 d - a scroll of magic mapping {unknown}
 g - 4 scrolls of teleportation
 h - a scroll of random uselessness {unknown}
 q - a scroll of fear {unknown}
 r - 2 scrolls of remove curse {unknown}
 s - a scroll of identify
Potions
 c - 2 potions of mutation
 e - 3 potions of lignification
 l - a potion of haste
 m - 3 potions of might
 n - a potion of brilliance {unknown}
 o - 3 potions of heal wounds
 p - a potion of invisibility {unknown}
 t - a potion of curing {unknown}


   Skills:
 - Level 4.0 Fighting
 - Level 2.0 Dodging
 - Level 2.0 Stealth
 + Level 5.1 Unarmed Combat
 - Level 2.4 Spellcasting
 - Level 2.0 Transmutations


You had 3 spell levels left.
You knew the following spells:

 Your Spells              Type           Power        Failure   Level
a - Beastly Appendage     Tmut           #.....       9%          1
b - Wereblood             Tmut           #.......     13%         2
c - Spider Form           Tmut/Pois      #.........   36%         3

Your spell library contained the following spells:

 Spells                   Type           Power        Failure   Level
 Ice Form                 Ice/Tmut       #.......     78%         4
 Blade Hands              Tmut           #.........   94%         5


Dungeon Overview and Level Annotations

Branches:
Dungeon (4/15)             Temple (1/1) D:4

Altars:
Ashenzari
Cheibriados
Elyvilon
Fedhas
Gozag
Kikubaaqudgha
Makhleb
Okawaru
Qazlal
Ru
Sif Muna
Trog
Uskayaw
Vehumet
Wu Jian
Xom
Yredelemnul
Zin
The Shining One

Annotations:
D:4 Dowan, Duvessa


Innate Abilities, Weirdness & Mutations

You are too large for most types of armour.
You have tough skin. (AC +1)
You have a pair of horns on your head.
You have razor-sharp toenails.


Message History

The ogre is lightly wounded.
The ogre hits you with a +0 giant club.
You hit the ogre.
The ogre is moderately wounded.
The ogre hits you with a +0 giant club!!
You barely miss the ogre.
The ogre is moderately wounded.
You hit the ogre but do no damage.
The ogre is moderately wounded.
The ogre is no longer blind.
The ogre closely misses you.
You hit the ogre. Your headbutt misses the ogre.
The ogre is heavily wounded.
The ogre hits you with a +0 giant club!
* * * LOW HITPOINT WARNING * * *
You punch the ogre!
The ogre is severely wounded.
You hit the ogre but do no damage.
The ogre is severely wounded.
The ogre hits you with a +0 giant club!!
You die...

#.## #. ####### #.#. #.
#.....# #.#. #. #.....#
#.## #. #.....# #... #.
#.....# #### #. #.....#
#.#########.....#########
#.....(O@.'b............#
###########.....#........
#.....#..b)....
#.....#.....b..
#.....#######.# #######
#.# #.# #.# #.#


You could see an ogre.

Vanquished Creatures
  A howler monkey (D:4)
  An iguana (D:4)
  3 worker ants (D:4)
  An orc wizard (D:4)
  Robin (D:4)
  5 adders
  A dart slug (D:2)
  4 worms (D:2)
  A leopard gecko (D:3)
  7 orcs
  5 giant cockroaches
  22 goblins
  5 hobgoblins
  4 jackals (D:4)
  2 quokkas (D:2)
  8 bats
  4 frilled lizards
  8 kobolds
  A quokka skeleton (D:4)
  8 rats
92 creatures vanquished.

Notes
Turn   | Place    | Note
-------+----------+-------------------------------------------
     0 | D:1      | tilp the Ogre Transmuter began the quest for the Orb.
     0 | D:1      | Reached XP level 1. HP: 19/19 MP: 3/3
   454 | D:1      | Reached XP level 2. HP: 28/28 MP: 3/5
   458 | D:1      | Learned a level 2 spell: Wereblood
   882 | D:2      | Reached skill level 3 in Unarmed Combat
  1362 | D:2      | Reached XP level 3. HP: 16/35 MP: 6/6
  2392 | D:2      | Reached skill level 4 in Unarmed Combat
  2392 | D:2      | Reached XP level 4. HP: 19/42 MP: 5/7
  2614 | D:2      | Found a blossoming altar of Fedhas.
  4038 | D:3      | Learned a level 3 spell: Spider Form
  4337 | D:3      | Reached skill level 1 in Stealth
  4473 | D:3      | Reached XP level 5. HP: 52/52 MP: 8/8
  5144 | D:4      | Reached XP level 6. HP: 40/62 MP: 7/9
  5392 | D:4      | Noticed Robin
  5406 | D:4      | Found a staircase to the Ecumenical Temple.
  5438 | D:4      | Killed Robin
  5687 | Temple   | Entered the Ecumenical Temple
  5887 | Temple   | Became a worshipper of Makhleb the Destroyer
  6155 | D:4      | Reached skill level 5 in Unarmed Combat
  6179 | D:4      | Noticed Duvessa
  6179 | D:4      | Noticed Dowan
  6309 | D:4      | Mangled by an ogre

Illustrated notes

Levels and vault maps discovered:
D:1:      dpeg_arrival_rhombus, layout_loops_cross
D:2:      minmay_recursive_quarters, layout_basic,
          nicolae_overflow_crystal_walls, st_stairs_6
D:3:      layout_basic
D:4:      layout_basic, minmay_temple_entry_butterflies, minmay_misc_feat_x,
          uniq_robin, uniq_duvessa
Temple:   eino_narrow_crystal_temple

Skill      XL: |  1  2  3  4  5  6 |
---------------+-------------------+-----
Dodging        | 2 |  2.0
Transmutations | 2 |  2.0
Fighting       | 2 3 4 |  4.0
Unarmed Combat | 3 4 5 |  5.1
Stealth        | 1 2 |  2.0
Spellcasting   | |  2.4

Action                   |  1- 3 |  4- 6 || total
-------------------------+-------+-------++-------
Melee: Unarmed           |   127 |   211 ||   338
       Kick              |    13 |    20 ||    33
       Headbutt          |     8 |     9 ||    17
       Punch             |       |     2 ||     2
Throw: Stone             |    28 |     4 ||    32
       Dart              |       |    17 ||    17
 Cast: Beastly Appendage |    16 |    20 ||    36
       Wereblood         |     2 |     3 ||     5
  Use: Potion            |     2 |       ||     2
       Scroll            |       |     6 ||     6
 Stab: Sleeping          |     1 |     2 ||     3
Armor: Robe              |    31 |    31 ||    62
Dodge: Dodged            |    68 |    91 ||   159

Table legend: (Time is in decaauts)
 A = Elapsed time spent in this place.
 B = Non-inter-level travel time spent in this place.
 C = Inter-level travel time spent in this place.
 D = Time resting spent in this place.
 E = Time spent auto-exploring this place.
 F = Levels seen in this place.
 G = Mean time per level.
                   A        B        C        D        E       F      G
               +--------+--------+--------+--------+--------+-----+--------+
         Total |   6290 |   5933 |    357 |   2434 |   2680 |   5 | 1258.0 |
       Dungeon |   6074 |   5751 |    323 |   2434 |   2501 |   4 | 1518.5 |
        Temple |    215 |    181 |     34 |      0 |    179 |   1 |  215.0 |
               +--------+--------+--------+--------+--------+-----+--------+

Top non-repeatable levels by time:
     D:2: 2589 daAuts
     D:4: 1452 daAuts
     D:1: 1071 daAuts
     D:3: 961 daAuts
  Temple: 215 daAuts
